 Dungeon Crawl Stone Soup version 0.18-a0-1788-g92de1ac (webtiles) character file.

197 Duffy the Chopper (level 5, 37/38 HPs)
             Began as a Mummy Gladiator on Apr 20, 2016.
             Quit the game in a sewer.
             The game lasted 00:02:28 (1733 turns).

Duffy the Chopper (Mummy Gladiator)                 Turns: 1733, Time: 00:02:28

Health: 37/38      AC:  7    Str: 19    XL:     5   Next: 46%
Magic:  5/5        EV: 13    Int:  8    God:
Gold:   94         SH:  0    Dex: 12    Spells: 0 memorised, 4 levels left

rFire  x . .     SeeInvis .     a - +0 war axe
rCold  + . .     Gourm    .     g - +0 scale mail
rNeg   + + +     Faith    .     (no shield)
rPois  ∞         Spirit   .     c - +0 helmet
rElec  .         Dismiss  .     (no cloak)
rCorr  .         Reflect  .     (no gloves)
SustAt .         Harm     .     (no boots)
MR     .....                    (no amulet)
Stlth  ..........               (no ring)
                                j - +3 ring of evasion

@: not resistant to hostile enchantments, extremely unstealthy
A: no food or potions, fire vulnerability, cold resistance 1, negative energy
resistance 3, torment resistance, unbreathing
a: no special abilities


You were in a sewer.
You were not hungry.

You visited 1 branch of the dungeon, and saw 3 of its levels.
You also visited: Sewer.

You collected 94 gold pieces.


Innate Abilities, Weirdness & Mutations

You do not eat or drink.
Your flesh is vulnerable to fire.
You are immune to poison.
Your flesh is cold resistant.
You are immune to negative energy.
You are immune to unholy pain and torment.
You can survive without breathing.


   Skills:
 - Level 2.0 Fighting
 + Level 5.1 Axes
 - Level 1.5 Throwing
 - Level 2.4 Dodging


You had 4 spell levels left.
You didn't know any spells.

Inventory:

Hand Weapons
 a - a +0 war axe (weapon)
Missiles
 d - 3 throwing nets (quivered)
 f - 27 poisoned needles
Armour
 b - a +0 leather armour
 c - a +0 helmet (worn)
 g - a +0 scale mail (worn)
Jewellery
 j - a +3 ring of evasion (left hand)
Scrolls
 e - a scroll of recharging {unknown}
 h - a scroll of fear {unknown}
 i - 2 scrolls of identify {unknown}
 k - a scroll of magic mapping {unknown}
 l - a scroll of enchant weapon {unknown}
 m - a scroll of fog {unknown}

Dungeon Overview and Level Annotations

Branches:
Dungeon (3/15)

Altars:


Message History

No target in view!
No target in view!
No target in view!
A jackal comes into view.
A jackal is nearby!
A jackal is nearby!
You enter the shallow water.
Moving in this stuff is going to be slow.
Your unstable footing causes you to fumble your attack.
The jackal completely misses you. The jackal barely misses you.
You hit the jackal but do no damage. The jackal barely misses you.
The jackal misses you.
You barely miss the jackal. The jackal closely misses you.
The jackal splashes around in the water.
You closely miss the jackal.
The jackal splashes around in the water.
You closely miss the jackal.
The jackal bites you but does no damage.
The jackal splashes around in the water.
You closely miss the jackal. The jackal misses you.
The jackal splashes around in the water.
Your unstable footing causes you to fumble your attack.
The jackal bites you but does no damage.
The jackal splashes around in the water.
You barely miss the jackal.
The jackal splashes around in the water.
Your unstable footing causes you to fumble your attack.
The jackal closely misses you.
The jackal bites you but does no damage.
You barely miss the jackal. The jackal barely misses you.
The jackal splashes around in the water.
Your unstable footing causes you to fumble your attack.
The jackal pauses to sniff the water.
The jackal bites you.
Are you sure you want to abandon this character and quit the game? (Confirm with "yes".) ~~~~~.\.#~#.~.%###### #~~~~~~.#~##.~.~~~~~# ######P.#~###.~###### ~..#~# ##.~~.~.# #P##~# #~~~~~.# PP#

#..~.P####. .##
##~.P.~~~~~~
#######~.P######
~~~~~~~@..~~~.~
.######h~~~...~
.~..~~~~~
#.~~..~...
#~.~.~..~.
.~.~~~....
~~..~..P..
~~..PP.P~.~


You could see a jackal.

Action                   |  1- 3 |  4- 6 || total
-------------------------+-------+-------++-------
Melee: War axe           |   103 |   132 ||   235
Armor: Scale mail        |    40 |    55 ||    95
       Leather armour    |     1 |       ||     1
Dodge: Dodged            |    68 |    95 ||   163

Notes
Turn   | Place    | Note
--------------------------------------------------------------
     0 | D:1      | Duffy the Mummy Gladiator began the quest for the Orb.
     0 | D:1      | Reached XP level 1. HP: 16/16 MP: 1/1
   463 | D:1      | Reached skill level 3 in Axes
   463 | D:1      | Reached XP level 2. HP: 18/22 MP: 2/2
   789 | D:1      | Reached XP level 3. HP: 27/27 MP: 3/3
  1153 | D:3      | Reached skill level 4 in Axes
  1153 | D:3      | Reached XP level 4. HP: 30/33 MP: 4/4
  1324 | D:3      | Reached XP level 5. HP: 14/38 MP: 5/5
  1595 | D:3      | Found a glowing drain.
  1607 | D:3      | Reached skill level 5 in Axes
  1630 | Sewer    | Entered a sewer
  1733 | Sewer    | Quit the game

Vault maps used:
D:1:      lightli_arrival_noodles
D:2:      columned_hall_lemuel, minmay_misc_feat_roman, trog_hazing_becter
D:3:      marbit_many_paths, gup_sewer_entry_glass, minmay_misc_feat_rows,
          roderic_roman_lattice, kennysheep_generic_room_14
Sewer:    sewer_co_scattered_pipes

Vanquished Creatures
  2 orc wizards
  8 adders
  A worm
  A dart slug
  A giant gecko
  9 orcs
  4 bats
  2 giant cockroaches
  5 hobgoblins
  2 jackals
  2 quokkas
  A ball python
  2 giant newts
  9 goblins
  3 kobolds
  7 rats
59 creatures vanquished.
